 Dungeon Crawl Stone Soup version 0.31-a0-986-g5e6e4ef867 (webtiles) character file.

Game seed: 4978935846571622445

212804 Twinkles the Warrior (level 18, -7/155 HPs)
             Began as a Demonspawn Berserker on Nov 17, 2023.
             Was an Elder of Trog.
             Mangled by Mennas
             ... wielding a +4 eudemon blade of holy wrath
              (8 damage)
             ... on level 2 of the Vaults on Nov 19, 2023.
             The game lasted 02:42:02 (45439 turns).

Twinkles the Warrior (Demonspawn Berserker)        Turns: 45439, Time: 02:42:02

Health: -7/155     AC: 31    Str: 30    XL:     18   Next: 25%
Magic:  18/18      EV: 12    Int:  9    God:    Trog [****..]
Gold:   1425       SH:  0    Dex: 20    Spells: 17/17 levels left

rFire   + .          .
                       - Unarmed
rCold   + . .        (no shield)
rNeg    + . .        g - +11 gold dragon scales of Happy Babbling {-Cast Fly rPois rF+ rC+ rN+}
rPois   +            (helmet unavailable)
rElec   .            r - scarf {repulsion}
rCorr   .            (gloves unavailable)
SInv    .            (boots unavailable)
Will    +++..        s - amulet of reflection Stlth
                     R - +6 ring of strength
HPRegen 1.45/turn    T - +6 ring of dexterity
MPRegen 0.16/turn

%: no spellcasting, repel missiles, reflection
@: confused, mighty, strong-willed, on berserk cooldown, flying, regenerating,
slowed, glowing, very slow
A: claws 3, hooves 3, horns 3, foul stench 2, powered by pain 2
}: 1/15 runes: decaying
a: Renounce Religion, Berserk, Trog's Hand, Brothers in Arms


You were on level 2 of the Vaults.
You worshipped Trog.
Trog was greatly pleased with you.
You visited 6 branches of the dungeon, and saw 31 of its levels.

You collected 3460 gold pieces.
You spent 2035 gold pieces at shops.

Inventory:

Hand Weapons
 e - a +5 morningstar of freezing
Missiles
 c - 8 curare-tipped darts
 l - 15 poisoned darts (quivered)
 o - 3 javelins
 t - 2 silver javelins
 L - 2 throwing nets
Armour
 g - the +11 gold dragon scales of Happy Babbling (worn) {-Cast Fly rPois rF+ rC+ rN+}
   (You bought it in a shop on level 2 of the Orcish Mines)

   rF+:       It protects you from fire.
   rC+:       It protects you from cold.
   rPois:     It protects you from poison rN+: It protects you from negative
   energy.
   Fly:       It grants you flight.
   -Cast:     It prevents spellcasting.
 j - a +0 cloak of stealth
 r - a scarf of repulsion (worn)
 w - a +2 plate armour of cold resistance
Jewellery
 n - a ring of protection from cold
 s - an amulet of reflection (around neck)
 u - a ring of ice
 v - a ring of magical power
 x - a ring of protection from fire
 z - an amulet of guardian spirit
 R - a +6 ring of strength (left claw)
 S - a ring of flight
 T - a +6 ring of dexterity (right claw)
Wands
 d - a wand of digging (13)
 h - a wand of acid (15)
 p - a wand of paralysis (25)
 q - a wand of flame (31)
 y - a wand of mindburst (5)
 G - a wand of roots (22)
Scrolls
 a - 4 scrolls of poison
 f - 5 scrolls of noise
 i - a scroll of torment
 k - 4 scrolls of enchant armour
 B - a scroll of enchant weapon
 D - 2 scrolls of blinking
 E - 3 scrolls of fear
 F - a scroll of fog
 K - 3 scrolls of immolation
 O - 2 scrolls of silence
 V - 6 scrolls of vulnerability
 W - 4 scrolls of revelation
 Z - a scroll of identify
Potions
 b - 3 potions of enlightenment
 A - 4 potions of attraction
 C - 2 potions of cancellation
 H - 5 potions of haste
 J - 10 potions of curing
 M - 5 potions of might
 P - 5 potions of lignification
 Q - 2 potions of magic
 U - 7 potions of mutation
Miscellaneous
 m - a phantom mirror (inert)


   Skills:
 + Level 17.6 Fighting
 - Level 5.0 Throwing
 - Level 15.0 Armour
 - Level 10.2 Dodging
 * Level 5.3 Shields
 + Level 16.1 Unarmed Combat
 + Level 11.9 Evocations


You had 17 spell levels left.
You didn't know any spells.
Your spell library was empty.

Dungeon Overview and Level Annotations

Branches:
Dungeon (15/15) Zot: 24675  Temple (0/1) D:5            Lair (5/5) D:9 Zot: 17604
  Swamp (4/4) Lair:2 Zot: 18607   Snake (3/4) Lair:3 Zot: 15367   Slime (0/5) Lair:5
    Orc (2/2) D:11 Zot: 8882     Elf (0/3) Orc:2        Vaults (2/5) D:14 Zot: 9495
 Depths (0/4) D:15
  Crypt: Vaults:2-3

Altars:
Ashenzari
Fedhas
Makhleb
Okawaru
Ru
Uskayaw
Vehumet
Yredelemnul

Shops:
D:2 (   D:4 ?   D:11 =(   D:12 (   D:13 =   Orc:2 *[:(   Snake:2 *:[[
Vaults:1 *

Portals:
Trove: D:14 (lose all piety)

Annotations:
D:3 Natasha
D:5 1 transporter, strifetoe's ghost, novice MiMo
D:8 Jeremiah
Swamp:4 exclusion: 2 oklob plants
Snake:2 2 transporters, Nikola; strifetoe's ghost, adept MiMo
Vaults:2 Mennas


Innate Abilities, Weirdness & Mutations

You have claws for hands.
You have hooves in place of feet.
You have a pair of large horns on your head.
You sometimes emit foul miasma when damaged in melee.
You sometimes gain power by taking damage.


Message History

Your deep troll closely misses Mennas.
Mennas gestures frantically.
You are confused.
Your deep troll appears confused.
Okay, then.
Unknown command.
You are too berserk!
Mennas blocks your attack.
Your kick misses Mennas.
Mennas is lightly wounded.
You mangle your deep troll!!
You kill your deep troll!
Your deep troll's corpse disappears in a puff of smoke!
Mennas hits you with a +4 eudemon blade of holy wrath!
You convulse.
Mennas completely misses you.
Mennas shakes his head sadly.
Mennas hits you with a +4 eudemon blade of holy wrath!!
You convulse!!
Mennas hits you but does no damage.
You closely miss Mennas. Your kick misses Mennas. Your claw misses Mennas.
Mennas is lightly wounded.
Mennas hits you but does no damage. Mennas completely misses you.
Mennas blocks your attack.
Your kick misses Mennas.
Mennas is lightly wounded.
Mennas blocks your attack.
Your kick misses Mennas.
Mennas is lightly wounded.
Mennas hits you but does no damage. x2
Mennas blocks your attack.
Your headbutt misses Mennas.
Mennas is lightly wounded.
Mennas hits you with a +4 eudemon blade of holy wrath!!
* * * LOW HITPOINT WARNING * * *
You convulse!!
* * * LOW HITPOINT WARNING * * *
Mennas hits you but does no damage.
You feel a strong urge to attack something.
You are no longer berserk.
You are exhausted.
You feel yourself slow down. Mennas barely misses you.
Mennas hits you with a +4 eudemon blade of holy wrath!
* * * LOW HITPOINT WARNING * * *
You convulse!
You die...

#.........# #.....[...# .
#.........# ..
#.........# ...
#.........#
....##########'#)########
......°..................
.......A.................
........@................
.........................
.........................
###+#####################


You could see Mennas.

Vanquished Creatures
  Mlioglotl (Swamp:2)
  An ancient champion (Vaults:1)
  Frances (D:14)
  Kirke (D:15)
  4 thorn hunters
  Donald (Swamp:4)
  2 draconian knights (Vaults:1)
  A vault warden (Vaults:1)
  3 ghouls
  A spriggan defender (Vaults:1)
  5 ironbound preservers (Vaults:1)
  2 orc warlords
  The ghost of gelatine the Blocker, a journeyman DsFi (Orc:1)
  2 ironbound thunderhulks
  A stone giant (D:15)
  Nessos (D:12)
  5 eleionomae
  5 dire elephants
  5 bunyips
  Snorg (Orc:1)
  2 yaktaur captains (Vaults:1)
  An entropy weaver (Vaults:1)
  A shambling mangrove (Swamp:4)
  Fannar (Lair:3)
  2 ironbound frosthearts (Vaults:1)
  3 vault guards
  5 hydras
  7 centaur warriors
  12 alligators
  9 anacondas
  2 catoblepae
  13 death yaks
  6 boulder beetles
  3 two-headed ogres
  2 tengu warriors (D:15)
  A deep troll shaman (Lair:5)
  4 orc high priests
  A naga warrior (Snake:1)
  6 naga sharpshooters
  Amaemon (Lair:1)
  A salamander mystic (Snake:1)
  4 skysharks
  5 goliath frogs
  Lodul (D:14)
  14 deep trolls
  2 glowing orange brains (Vaults:1)
  A golden dragon zombie (Vaults:2)
  3 sea snakes (Snake:2)
  6 spriggan druids
  2 flayed ghosts (Swamp:4)
  6 swamp dragons
  2 naga ritualists (Snake:1)
  5 ironbound convokers (Vaults:1)
  12 bog bodies
  2 arcanists (Vaults:1)
  6 mana vipers
  4 harpies (Vaults:1)
  A necromancer (Vaults:2)
  2 lindwurms
  2 spectral hydras (Swamp:4)
  8 orc knights
  6 orc sorcerers
  5 ugly things
  4 deep elf pyromancers
  5 manticores
  4 salamanders
  6 cyclopes
  2 will-o-the-wisps
  17 elephants
  A human skeleton (Vaults:2)
  26 black mambas
  A guardian serpent (Lair:3)
  5 naga magi
  An orange demon (Lair:1)
  4 vault sentinels (Vaults:1)
  A rime drake (Lair:3)
  19 cane toads
  2 tengu conjurers (D:13)
  2 efreet
  A guardian mummy (D:14)
  10 komodo dragons
  12 yaktaurs
  10 trolls
  3 death drake zombies (Swamp:4)
  A queen bee (D:13)
  14 hornets
  6 meliai (D:13)
  5 hydra zombies (Swamp:4)
  8 tyrant leeches
  2 hydra skeletons (Swamp:4)
  3 polar bears
  5 dream sheep (Lair:5)
  2 death drake skeletons (Swamp:4)
  13 blink frogs
  14 slime creatures
  A shadow (D:12)
  13 spriggans
  30 yaks
  2 wyverns
  A vampire (D:10)
  3 wraiths
  7 basilisks
  A hog (D:15)
  Eustachio (D:5)
  2 humans (D:14)
  7 vampire mosquitoes (D:11)
  A steam dragon (D:7)
  3 wargs
  10 swamp worms
  Menkaure (D:5)
  Edmund (D:5)
  12 nagas
  15 water moccasins
  4 hydra simulacra (Swamp:4)
  3 acid dragons
  A spectral troll (Orc:2)
  7 swamp drakes
  6 black bears
  29 orc warriors
  A sky beast (D:6)
  8 ogres
  2 ice beasts
  A swamp dragon zombie (Swamp:4)
  14 wolves
  3 boggarts (Vaults:1)
  5 centaurs
  A swamp dragon skeleton (Swamp:4)
  2 kobold brigands (D:7)
  18 bullfrogs
  3 necrophages
  7 scorpions
  5 wights
  A spectral ogre (Orc:2)
  19 killer bees
  2 howler monkeys
  2 human simulacra (Vaults:2)
  5 hounds
  3 jellies
  Crazy Yiuf (D:3)
  17 orc priests
  Ijyb (D:4)
  2 gnoll boudas (D:5)
  8 iguanas
  5 sleepcaps
  4 spectral orcs (Orc:2)
  Natasha (twice) (D:4)
  20 orc wizards
  7 hell rats (Lair:2)
  15 gnolls
  11 adders
  3 white imps
  3 orc simulacra (Orc:2)
  2 ufetubi (D:5)
  A worm (D:2)
  5 dart slugs
  70 orcs
  9 endoplasms
  2 giant cockroaches
  6 goblins
  6 hobgoblins
  12 kobolds
  3 quokkas
  6 ball pythons
  7 bats
  2 frilled lizards (D:2)
  6 rats
934 creatures vanquished.

Vanquished Creatures (collateral kills)
  An ironbound thunderhulk (Vaults:1)
  A dire elephant (Vaults:1)
  A vault guard (Vaults:1)
  A vault sentinel (Vaults:1)
4 creatures vanquished.

Vanquished Creatures (others)
  A hydra (Swamp:3)
  2 bloated husks (Swamp:1)
  2 humans (D:15)
  A necrophage (Swamp:1)
  An orc priest (Orc:2)
  A bat (D:3)
  18 foxfires
26 creatures vanquished.

Grand Total: 964 creatures vanquished

Notes
Turn   | Place    | Note
-------+----------+-------------------------------------------
     0 | D:1      | Twinkles the Demonspawn Berserker began the quest for the
                  | Orb.
     0 | D:1      | Reached XP level 1. HP: 18/18 MP: 1/1
   354 | D:1      | Discovered your monstrous ancestry.
   354 | D:1      | Gained mutation: You have sharp fingernails. [demonic
                  | ancestry]
   354 | D:1      | Reached XP level 2. HP: 24/24 MP: 2/2
   808 | D:2      | HP: 6/24 [worm (9)]
  1149 | D:2      | Gained mutation: You have very sharp fingernails. [demonic
                  | ancestry]
  1149 | D:2      | Reached XP level 3. HP: 29/29 MP: 3/3
  1426 | D:2      | Found a faded altar of an unknown god.
  1445 | D:2      | Gained mutation: You sometimes gain a little power by
                  | taking damage. [demonic ancestry]
  1445 | D:2      | Reached XP level 4. HP: 36/36 MP: 4/4
  1457 | D:2      | Found Xafiwise's Weapon Shop.
  1798 | D:3      | Reached ** piety under Trog
  1982 | D:3      | Found a runed translucent door.
  1983 | D:3      | Noticed Crazy Yiuf
  2300 | D:4      | Noticed Ijyb
  2300 | D:4      | Paralysed by Ijyb for 3 turns
  2321 | D:4      | Noticed Natasha
  2330 | D:4      | Killed Ijyb
  2331 | D:4      | Gained mutation: You may rarely emit foul miasma when
                  | damaged in melee. [demonic ancestry]
  2331 | D:4      | Reached XP level 5. HP: 42/42 MP: 5/5
  2333 | D:4      | Killed Natasha
  2391 | D:4      | Reached skill level 4 in Fighting
  2500 | D:4      | Found Xegiheheo's Magic Scroll Boutique.
  2501 | D:4      | Noticed Natasha
  2510 | D:4      | Killed Natasha
  2519 | D:4      | Noticed Natasha
  2612 | D:3      | Killed Crazy Yiuf
  2905 | D:4      | Gained mutation: You have large cloven feet. [demonic
                  | ancestry]
  2905 | D:4      | Reached XP level 6. HP: 22/49 MP: 6/6
  3034 | D:4      | Found a broken altar of Ashenzari.
  3149 | D:4      | Bought a scroll of blinking for 75 gold pieces
  3453 | D:5      | Entered Level 5 of the Dungeon
  3458 | D:5      | Noticed a water moccasin
  3518 | D:5      | Reached XP level 7. HP: 55/55 MP: 7/7
  3679 | D:5      | Reached skill level 5 in Fighting
  3804 | D:5      | Noticed Edmund
  3822 | D:5      | Killed Edmund
  3879 | D:5      | Noticed Menkaure
  3893 | D:5      | Killed Menkaure
  4014 | D:5      | Noticed Eustachio
  4131 | D:6      | Reached skill level 5 in Unarmed Combat
  4173 | D:5      | Killed Eustachio
  4174 | D:5      | Gained mutation: You have claws for hands. [demonic
                  | ancestry]
  4174 | D:5      | Reached XP level 8. HP: 63/63 MP: 8/8
  4246 | D:5      | Reached *** piety under Trog
  4427 | D:5      | Reached skill level 5 in Dodging
  4560 | D:5      | Found a staircase to the Ecumenical Temple.
  4591 | D:5      | Reached skill level 6 in Fighting
  4659 | D:5      | Reached skill level 5 in Armour
  4820 | D:5      | Found a transporter.
  4821 | D:5      | Noticed strifetoe's ghost (novice MiMo)
  5587 | D:6      | Gained mutation: You sometimes emit foul miasma when
                  | damaged in melee. [demonic ancestry]
  5587 | D:6      | Reached XP level 9. HP: 65/71 MP: 9/9
  5769 | D:6      | Reached **** piety under Trog
  6602 | D:7      | Identified the +1 robe of Valiance {rC- MP+9 Str+8 Slay-4}
  6618 | D:7      | Reached skill level 7 in Fighting
  7127 | D:7      | HP: 19/72 [something (10)]
  8199 | D:8      | Found a radiant altar of Vehumet.
  8291 | D:8      | Noticed Jeremiah
  9021 | D:8      | Reached XP level 10. HP: 74/80 MP: 10/10
  9146 | D:9      | Reached skill level 8 in Fighting
  9679 | D:9      | Found a burning altar of Makhleb.
  9945 | D:9      | Found a staircase to the Lair.
 10318 | D:10     | Entered Level 10 of the Dungeon
 10526 | D:10     | Reached skill level 9 in Fighting
 11171 | D:10     | Gained mutation: You have hoof-like feet. [demonic
                  | ancestry]
 11171 | D:10     | Reached XP level 11. HP: 89/89 MP: 11/11
 11442 | Lair:1   | Entered Level 1 of the Lair of Beasts
 11479 | Lair:1   | HP: 26/89 [poisoned by a cane toad]
 11484 | Lair:1   | HP: 26/89 [poisoned by a cane toad]
 11931 | Lair:1   | HP: 24/89 [cane toad (11)]
 11932 | Lair:1   | HP: 10/133 [cane toad (7)]
 11937 | Lair:1   | HP: 7/135 [poisoned by a cane toad]
 11938 | Lair:1   | HP: 3/90 [poisoned by a cane toad]
 12553 | Lair:1   | Noticed Amaemon
 12564 | Lair:1   | Killed Amaemon
 12565 | Lair:1   | Reached skill level 10 in Fighting
 12673 | Lair:2   | Noticed a death yak
 12693 | Lair:2   | Killed a death yak
 12761 | Lair:2   | Noticed a death yak
 12761 | Lair:2   | Noticed a death yak
 12780 | Lair:1   | Killed a death yak
 12854 | Lair:2   | Noticed a death yak
 12862 | Lair:1   | Killed a death yak
 12938 | Lair:2   | Killed a death yak
 13186 | Lair:2   | Reached XP level 12. HP: 98/98 MP: 12/12
 14001 | Lair:2   | Found a staircase to the Swamp.
 14074 | Lair:2   | Noticed an eleionoma
 14226 | Lair:3   | Noticed a death yak
 14226 | Lair:3   | Noticed a death yak
 14238 | Lair:3   | Noticed a death yak
 14248 | Lair:2   | Killed a death yak
 14867 | Lair:2   | HP: 33/135 [hell rat (9)]
 15498 | Lair:2   | Killed a death yak
 15499 | Lair:2   | Reached skill level 11 in Fighting
 15499 | Lair:2   | Reached skill level 10 in Unarmed Combat
 15931 | Lair:3   | Reached skill level 10 in Dodging
 16019 | Lair:3   | Noticed Fannar
 16041 | Lair:3   | Reached skill level 10 in Armour
 16090 | Lair:2   | Killed an eleionoma
 16378 | Lair:3   | Killed Fannar
 16691 | Lair:3   | Killed a death yak
 16743 | Lair:3   | Noticed a catoblepas
 16828 | Lair:3   | Killed a catoblepas
 17511 | Lair:3   | Found a staircase to the Snake Pit.
 17732 | Lair:4   | Noticed a boulder beetle
 17747 | Lair:4   | Killed a boulder beetle
 17748 | Lair:4   | Gained mutation: You have hooves in place of feet. [demonic
                  | ancestry]
 17748 | Lair:4   | Reached XP level 13. HP: 68/107 MP: 13/13
 17756 | Lair:4   | HP: 32/107 [poisoned by a cane toad]
 17761 | Lair:3   | HP: 29/107 [poisoned by a cane toad]
 18323 | Lair:4   | Reached skill level 12 in Fighting
 19564 | Lair:5   | Entered Level 5 of the Lair of Beasts
 20170 | Lair:5   | Reached ***** piety under Trog
 20416 | Lair:5   | Reached skill level 1 in Throwing
 20617 | Lair:5   | Reached skill level 13 in Fighting
 20887 | Lair:5   | Found a staircase to the Slime Pits.
 21562 | Lair:5   | Gained mutation: You have a pair of small horns on your
                  | head. [demonic ancestry]
 21562 | Lair:5   | Reached XP level 14. HP: 96/118 MP: 14/14
 22824 | Lair:5   | Identified the +7 long sword "Aubergine" {venom, rC+ Will+}
 23343 | D:11     | Received a gift from Trog
 23384 | D:11     | Reached skill level 1 in Evocations
 23594 | D:11     | Found a staircase to the Orcish Mines.
 23836 | D:11     | Found Coginef's Hydra Hut.
 23887 | D:11     | Found Sannamm's Jewellery Shop.
 24186 | D:12     | Noticed Nessos
 24193 | D:12     | Killed Nessos
 24739 | D:12     | Found Cirer's Weapon Shop.
 25655 | D:13     | Found Nuuwuu's Jewellery Emporium.
 25745 | D:13     | Reached skill level 5 in Throwing
 26220 | D:14     | Found a hide-covered altar of Uskayaw.
 26224 | D:14     | Noticed Frances
 26282 | Orc:1    | Entered Level 1 of the Orcish Mines
 26285 | Orc:1    | Found a radiant altar of Vehumet.
 26469 | D:11     | Reached skill level 14 in Fighting
 26598 | Orc:1    | Noticed an orc warlord
 26618 | D:11     | Killed an orc warlord
 26825 | Orc:1    | Found an iron altar of Okawaru.
 26928 | Orc:1    | Received a gift from Trog
 27293 | Orc:1    | Noticed Snorg
 27307 | Orc:1    | Killed Snorg
 27624 | Orc:2    | Entered Level 2 of the Orcish Mines
 28005 | Orc:2    | Found a staircase to the Elven Halls.
 28175 | Orc:2    | Found a runed translucent gate.
 28177 | Orc:2    | Found a runed translucent gate.
 28177 | Orc:2    | Found a runed translucent gate.
 28193 | Orc:2    | Noticed gelatine's ghost (journeyman DsFi)
 28314 | Orc:2    | Reached XP level 15. HP: 85/126 MP: 15/15
 29071 | Orc:2    | Received a gift from Trog
 29198 | Orc:2    | Found Wenavuso's Book Boutique.
 29198 | Orc:2    | Found Leyvac's Weapon Emporium.
 29200 | Orc:2    | Found Xatudani's General Store.
 29200 | Orc:2    | Found Ydoehiw's Antique Armour Emporium.
 29279 | Orc:2    | Bought a scroll of fog for 60 gold pieces
 29285 | Orc:2    | Bought encrusted gold dragon scales for 1870 gold pieces
 29285 | Orc:2    | Identified the +11 gold dragon scales of Happy Babbling
                  | {-Cast Fly rPois rF+ rC+ rN+} (You bought it in a shop on
                  | level 2 of the Orcish Mines)
 29814 | Snake:1  | Entered Level 1 of the Snake Pit
 29819 | Snake:1  | Reached skill level 5 in Evocations
 30140 | Snake:1  | Identified the +8 quarterstaff "Mibaor" {vamp, Dex+4}
 31640 | Snake:2  | Reached skill level 15 in Fighting
 31812 | Snake:2  | Found a transporter.
 31838 | Snake:2  | Found a transporter.
 31930 | Snake:2  | Noticed strifetoe's ghost (adept MiMo)
 32066 | Snake:2  | Found Iklogei's Antique Armour Emporium.
 32066 | Snake:2  | Found Ceusin's Book Shoppe.
 32068 | Snake:2  | Found Ifadyj's Armour Emporium.
 32070 | Snake:2  | Found Veeck's General Store.
 32269 | Snake:2  | Noticed Nikola
 32271 | Snake:2  | Identified the +12 mace of Jepen {pain, rCorr Dex+2 SInv}
 32663 | Orc:2    | Bought a scroll of identify for 30 gold pieces
 32711 | Orc:2    | Identified the +6 great mace "Syemn" {heavy, rPois Will+
                  | Str-5 Dex+5} (Trog gifted it to you on level 2 of the
                  | Orcish Mines)
 32711 | Orc:2    | Received a gift from Trog
 32731 | Orc:1    | Killed gelatine's ghost
 33245 | Swamp:1  | Entered Level 1 of the Swamp
 33794 | Swamp:1  | Gained mutation: You have a pair of horns on your head.
                  | [demonic ancestry]
 33794 | Swamp:1  | Reached XP level 16. HP: 136/136 MP: 16/16
 34136 | Swamp:1  | Found a sacrificial altar of Ru.
 34997 | Swamp:2  | Noticed Mlioglotl
 35003 | Swamp:2  | Noticed a bone dragon
 35005 | Swamp:2  | Killed Mlioglotl
 35482 | Swamp:2  | Identified the +12 dagger of a bailey {heavy, Int+6}
 36279 | Swamp:4  | Entered Level 4 of the Swamp
 36467 | Swamp:4  | Noticed a thorn hunter
 36473 | Swamp:4  | Reached skill level 16 in Fighting
 36680 | Swamp:4  | Found a basalt altar of Yredelemnul.
 36682 | Swamp:4  | Noticed Donald
 36683 | Swamp:4  | Noticed a thorn hunter
 36688 | Swamp:4  | HP: 31/137 [Donald/+2 demon trident of venom (25)]
 36932 | Swamp:3  | Killed a thorn hunter
 37183 | Swamp:3  | Killed a thorn hunter
 37854 | Swamp:4  | Received a gift from Trog
 38046 | Swamp:4  | Gained mutation: You have a pair of large horns on your
                  | head. [demonic ancestry]
 38046 | Swamp:4  | Reached XP level 17. HP: 145/145 MP: 17/17
 38347 | Swamp:4  | Reached skill level 15 in Unarmed Combat
 38354 | Swamp:4  | Killed Donald
 39207 | Swamp:4  | Found a blossoming altar of Fedhas.
 39207 | Swamp:4  | Identified the +7 halberd of Impatience {speed, *Slow
                  | Int+5}
 39231 | Swamp:4  | Got a decaying rune of Zot
 39521 | D:14     | Killed Frances
 39522 | D:14     | Reached skill level 10 in Evocations
 39708 | D:14     | Reached skill level 15 in Armour
 40223 | D:14     | Noticed Lodul
 40234 | D:14     | Killed Lodul
 40518 | D:14     | Found a portal to a secret trove of treasure.
 40518 | D:14     | You are sucked into a shaft and drop 1 floor!
 40518 | D:15     | Entered Level 15 of the Dungeon
 40564 | D:15     | Identified the +3 quarterstaff of the End of Times {flame,
                  | rElec rPois Will- Stlth+} (Trog gifted it to you on level
                  | 15 of the Dungeon)
 40564 | D:15     | Received a gift from Trog
 41225 | D:15     | Noticed Kirke
 41264 | D:15     | Killed Kirke
 41405 | D:15     | Found a staircase to the Depths.
 42153 | D:14     | Found a gate to the Vaults.
 42261 | Vaults:1 | Entered Level 1 of the Vaults
 42273 | Vaults:1 | Reached skill level 1 in Shields
 43152 | Vaults:1 | Reached skill level 17 in Fighting
 43464 | Vaults:1 | HP: 49/220 [vault warden/+2 war axe of venom (34)]
 43470 | Vaults:1 | HP: 46/220 [poisoned by a vault warden]
 43475 | Vaults:1 | HP: 28/147 [poisoned by a vault warden]
 43768 | Vaults:1 | Found Vailoet's Assorted Antiques.
 44123 | Vaults:1 | HP: 25/147 [black draconian knight/bolt of lightning (27)]
 44184 | Vaults:1 | HP: 32/147 [dire elephant (14)]
 44188 | Vaults:1 | HP: 11/147 [black draconian knight/bolt of lightning (27)]
 44227 | Vaults:1 | Gained mutation: You sometimes gain power by taking damage.
                  | [demonic ancestry]
 44227 | Vaults:1 | Reached XP level 18. HP: 58/155 MP: 18/18
 44690 | Vaults:1 | Received a gift from Trog
 44979 | Vaults:2 | Reached skill level 5 in Shields
 45417 | Vaults:2 | Noticed Mennas
 45437 | Vaults:2 | HP: 51/232 [Mennas/+4 eudemon blade of holy wrath (23)]
 45437 | Vaults:2 | HP: 21/232 [Mennas/+4 eudemon blade of holy wrath (30)]
 45439 | Vaults:2 | HP: 1/155 [Mennas/+4 eudemon blade of holy wrath (14)]
 45439 | Vaults:2 | Mangled by Mennas

Illustrated notes

Levels and vault maps discovered:
D:1:      dpeg_arrival_houses_and_road, layout_loops_ring, hex_medium,
          minivault_19, minmay_misc_feat_nine_boxes
D:2:      layout_loops_ring, hellmonk_ecumenical_altar_inner_sanctum,
          serial_shops, shop
D:3:      layout_rooms, uniq_crazy_yiuf_cottage
D:4:      layout_cave_pools, ashenzari_altar_1, serial_shops,
          nicolae_stop_n_shop_1, uniq_natasha, uniq_ijyb
D:5:      layout_basic, minmay_temple_entry_hall, gammafunk_ghost_smash,
          uniq_menkaure, uniq_eustachio, uniq_edmund
D:6:      layout_gridville
D:7:      layout_basic, st_stairs_4
D:8:      black_bear_nest_1, layout_gridville,
          chequers_temple_overflow_statue_of_worship,
          minmay_misc_feat_secret_circle, uniq_jeremiah
D:9:      layout_layer_cave, mainiacjoe_overflow_paths,
          due_lair_maze_entry_diamond, grunt_decor_resistance
D:10:     layout_rooms, kennysheep_generic_room_15
D:11:     layout_long_grid, minmay_orc_entry_temple_small, serial_shops, shop,
          doesnt_shop_hydraphobe
D:12:     layout_small_grid, serial_shops, nicolae_shop_tiny_statue_garden,
          uniq_nessos
D:13:     layout_roguey, serial_shops, nicolae_shop_pleasant_corner_grove,
          nicolae_looking_at_the_future
D:14:     layout_layer_cave, hellmonk_vaults_keyhole, lemuel_tele_altar,
          nicolae_trove_entry_path_of_doom, uniq_frances, uniq_lodul
D:15:     grunt_enter_depths_snipers, layout_irregular_city, minmay_door_square,
          uniq_kirke
Lair:1:   layout_roguey, uniq_amaemon
Lair:2:   layout_cave_shapes, alex1729_swamp_entry_worm_eleionoma, special_room,
          lemuel_fruit_tree
Lair:3:   layout_chaotic_city, minmay_snake_entry_spellcaster,
          lemuel_fruit_fields, grunt_megastairs_4, uniq_fannar
Lair:4:   layout_cave_pods, dreamdust_mushroom_princess
Lair:5:   grunt_lair_end_beastmaster, layout_loops_ring,
          minmay_slime_entry_oklob_open
Swamp:1:  layout_basic_swamp, lemuel_altar_in_water, swamp_pool_4,
          hangedman_swamp_ravenous
Swamp:2:  layout_falls_marsh, nicolae_swamp_little_tower, swamp_pool_1_2,
          uniq_mlioglotl
Swamp:3:  layout_basic_swamp, hangedman_swamp_ruin_wall,
          nicolae_swamp_triple_paths, swamp_pool_1_2,
          nicolae_swamp_orc_logging_accident
Swamp:4:  byrel_swamp_growth_death_and_undeath, layout_basic_swamp,
          swamp_pool_1_2, uniq_donald
Snake:1:  layout_gridlike
Snake:2:  nicolae_sea_snake_s, layout_basic, gammafunk_ghost_berserking_beasts,
          serial_bayou_shore_a, minmay_shoptagon, uniq_saint_roka, uniq_nikola
Snake:3:  layout_basic, drop_trap, nicolae_snake_horde_hoard, uniq_vashnia
Orc:1:    layout_diamond_mine, basic_altar, okawaru_metal_pillars_3, uniq_snorg
Orc:2:    grunt_orc_tribal_feast, layout_caves, gammafunk_ghost_necromancy
Vaults:1: hangedman_vaults_restitches, v_misc_13, sword_in_stone,
          vaults_standard_mumra_lines, hangedman_vaults_hat,
          hangedman_vaults_corner, vaults_room_grunt_arrival_ludios,
          nicolae_vaults_offset_grid_hallway_2, nicolae_vaults_sightless_eye,
          nicolae_vaults_cochlea, vaults_room_grid, layout_vaults_maze_bifur,
          serial_shops, shop
Vaults:2: nicolae_vaults_storage_closets_3, v_pattern_1, hangedman_vaults_nodes,
          nicolae_vaults_border_crossing, vaults_room_door_ring,
          nicolae_vaults_offset_grid_hallway_1, minmay_crypt_entry_necro_gods,
          nicolae_vaults_closet_pinwheel_2, ontoclasm_vaults_ring_square,
          vaults_room_hallway, vaults_mumra_hex, layout_vaults_ring, uniq_jory,
          uniq_mennas

Skill      XL: |  1  2  3  4  5  6  7  8  9 10 11 12 13 14 15 16 17 18 |
---------------+-------------------------------------------------------+-----
Armour         | 2 3 4 5 6 8 9 10 11 12 13 14 15 | 15.0
Dodging        | 2 3 4 5 6 8 9 10 | 10.2
Unarmed Combat | 3 4 5 6 7 8 9 10 12 13 14 15 16 | 16.1
Fighting       | 4 5 6 7 9 10 11 13 14 15 16 17 | 17.6
Throwing       | 2 5 |  5.0
Evocations     | 4 7 9 11 | 11.9
Shields        | 4 5 |  5.3

Action                     |  1- 3 |  4- 6 |  7- 9 | 10-12 | 13-15 | 16-18 || total
---------------------------+-------+-------+-------+-------+-------+-------++-------
  Melee: Unarmed           |    97 |   200 |   321 |   529 |  1042 |   837 ||  3026
         Punch             |     1 |     4 |    14 |    35 |    94 |    90 ||   238
         Kick              |       |    18 |    91 |   196 |   366 |   370 ||  1041
         Morningstar       |       |       |       |       |     2 |       ||     2
         Headbutt          |       |       |       |       |   157 |   239 ||   396
  Throw: Dart              |       |       |     2 |     9 |    13 |     8 ||    32
         Throwing net      |       |       |       |       |     1 |       ||     1
         Javelin           |       |       |       |       |       |     1 ||     1
 Invoke: Berserk           |       |     4 |     5 |     8 |     8 |     6 ||    31
         Trog's Hand       |       |     3 |     1 |     8 |     4 |     8 ||    24
         Brothers in Arms  |       |       |       |       |     1 |     4 ||     5
  Evoke: Wand              |       |     2 |       |       |    10 |     7 ||    19
         Phantom mirror    |       |       |       |       |     2 |     3 ||     5
    Use: Scroll            |       |     2 |       |    10 |    19 |    12 ||    43
         Potion            |       |       |       |       |     1 |     6 ||     7
   Stab: Paralysed         |       |       |       |       |     2 |       ||     2
         Held in net/web   |       |       |       |       |     1 |       ||     1
         Invisible         |       |       |       |       |       |     1 ||     1
 Armour: Scale mail        |    58 |   125 |    15 |       |       |       ||   198
         Animal skin       |     2 |       |       |       |       |       ||     2
         Leather armour    |     1 |       |       |       |       |       ||     1
         Skin              |       |     5 |       |       |       |       ||     5
         Chain mail        |       |       |   203 |   371 |   404 |       ||   978
         Plate armour      |       |       |       |       |   190 |       ||   190
         Gold dragon scale |       |       |       |       |   262 |  1009 ||  1271
  Dodge: Dodged            |    41 |   101 |   155 |   287 |   588 |   460 ||  1632
         Repelled          |       |     1 |       |       |     6 |    19 ||    26
  Block: Other             |       |       |       |       |       |    48 ||    48
         Reflection        |       |       |       |       |       |     7 ||     7

Table legend: (Time is in decaauts)
 A = Elapsed time spent in this place.
 B = Non-inter-level travel time spent in this place.
 C = Inter-level travel time spent in this place.
 D = Time resting spent in this place.
 E = Time spent auto-exploring this place.
 F = Levels seen in this place.
 G = Mean time per level.
                   A        B        C        D        E       F      G
               +--------+--------+--------+--------+--------+-----+--------+
         Total |  45314 |  41829 |   3485 |   9728 |  24087 |  31 | 1461.7 |
       Dungeon |  19272 |  17671 |   1601 |   2991 |  11471 |  15 | 1284.8 |
          Lair |  12395 |  11349 |   1046 |   3116 |   6234 |   5 | 2479.0 |
         Swamp |   5392 |   5047 |    345 |   2133 |   1864 |   4 | 1348.0 |
     Snake Pit |   2632 |   2540 |     92 |    363 |   1674 |   3 |  877.3 |
  Orcish Mines |   3117 |   2817 |    300 |    530 |   1592 |   2 | 1558.5 |
        Vaults |   2503 |   2402 |    101 |    593 |   1251 |   2 | 1251.5 |
               +--------+--------+--------+--------+--------+-----+--------+

Top non-repeatable levels by time:
  Lair:2: 3195 daAuts
  Lair:5: 3175 daAuts
 Swamp:3: 2413 daAuts
Vaults:1: 2318 daAuts
  Lair:1: 2285 daAuts
  Lair:3: 1981 daAuts
    D:14: 1888 daAuts
 Snake:1: 1768 daAuts
  Lair:4: 1758 daAuts
     D:7: 1720 daAuts
   Orc:1: 1645 daAuts
     D:6: 1560 daAuts
    D:13: 1481 daAuts
   Orc:2: 1472 daAuts
     D:5: 1454 daAuts
